 Dungeon Crawl Stone Soup version 0.17-a0-1-g1f4be75 (webtiles) character file.

266 Gronka the Shield-Bearer (level 6, -1/48 HPs)
             Began as a Human Fighter on Mar 9, 2015.
             Killed by nerve-wracking pain
             ... invoked by an orc priest
              (7 damage)
             ... on level 4 of the Dungeon.
             The game lasted 00:07:10 (3005 turns).

Gronka the Shield-Bearer (Human Fighter)            Turns: 3005, Time: 00:07:13

Health: -1/48      AC: 14    Str: 19    XL:     6   Next: 44%
Magic:  6/6        EV:  6    Int:  8    God:
Gold:   168        SH:  9    Dex: 12    Spells: 0 memorised, 5 levels left

rFire  + . .     SeeInvis .     a - +0 war axe
rCold  . . .     Clarity  .     j - +1 chain mail {rF+}
rNeg   . . .     SustAb   .     c - +0 shield
rPois  .         Gourm    .     (no helmet)
rElec  .         Spirit   .     h - +0 cloak
rCorr  .         Warding  .     (no gloves)
rMut   .         Rnd*Tele +     g - +2 pair of boots
MR     .....                    (no amulet)
Stlth  ..........               (no ring)
                                l - ring of teleportation

@: not resistant to hostile enchantments, extremely unstealthy
A: no striking features
a: Evoke Teleportation


You were on level 4 of the Dungeon.
You were not hungry.

You visited 1 branch of the dungeon, and saw 4 of its levels.

You collected 168 gold pieces.

Inventory:

Hand weapons
 a - a +0 war axe (weapon)
 y - a +0 long sword
Armour
 b - a +0 scale mail
 c - a +0 shield (worn)
 g - a +2 pair of boots (worn)
 h - a +0 cloak (worn)
 j - a +1 chain mail of fire resistance (worn)
Jewellery
 l - a ring of teleportation (left hand)
Magical devices
 A - a wand of confusion (28)
Scrolls
 f - 4 scrolls of remove curse
 i - 2 scrolls of teleportation
 m - 2 scrolls of recharging {unknown}
 o - a scroll of fog {unknown}
 p - a scroll of noise {unknown}
 q - 4 scrolls of enchant weapon {unknown}
 u - a scroll of immolation {unknown}
 w - a scroll of magic mapping {unknown}
 x - a scroll of random uselessness {unknown}
Potions
 e - 3 potions of might
 t - 2 potions of agility {unknown}
 v - 2 potions of cure mutation
 B - a potion of berserk rage {unknown}
 C - a potion of mutation {unknown}
Comestibles
 d - 4 bread rations
 k - a beef jerky
 r - a fruit
 s - 2 meat rations
 z - a royal jelly


   Skills:
 + Level 3.7 Fighting
 + Level 3.2 Axes
 + Level 4.3 Armour
 + Level 1.6 Dodging
 + Level 4.4 Shields


You had 5 spell levels left.
You didn't know any spells.

Dungeon Overview and Level Annotations

Branches:
Dungeon (4/15)
 Temple: D:4-7

Altars:
Ru

Annotations:
D:4 Robin; ZiggyStardust's ghost, experienced TeAE


Message History

ZiggyStardust's ghost (experienced Tengu Air Elementalist) comes into view.
ZiggyStardust's ghost turns its malevolent gaze towards you.
You hit the orc priest.
The orc priest is severely wounded.
You barely miss the orc. The orc hits you but does no damage.
The orc priest hits you with a trident!
* * * LOW HITPOINT WARNING * * *
ZiggyStardust's ghost moves out of view.
Drink which item? (? for menu, Esc to quit)
You feel very mighty all of a sudden. The orc closely misses you.
The orc priest completely misses you.
Drink which item? (? for menu, Esc to quit)
It was a potion of cancellation.
Your magical effects are unravelling.
You feel magically purged.
You feel a little less mighty now. You block the orc's attack.
The orc priest mumbles some strange prayers to Beogh against you.
Pain shoots through your body!
You die...

... #+###........
#...#........#
#...'........+
+...#........#
#...#........#
#...#........##+ #
#..<#..oo).......
+...#...@........
#...#............
#
#...'............
+.
.##+##.....#######
#. #..........# #.
#..........# #.
#..........# #.
#..........# #.
..........# +.


You could see an orc priest and an orc.

Vanquished Creatures
  An orc priest (D:3)
  2 orc wizards (D:3)
  3 gnolls (D:3)
  4 adders
  A worm (D:3)
  An adder skeleton (D:4)
  An ooze (D:1)
  9 orcs
  12 bats
  5 giant cockroaches
  11 hobgoblins
  9 jackals
  2 quokkas
  A giant gecko (D:1)
  4 giant newts
  13 goblins
  7 kobolds
  9 rats
95 creatures vanquished.

Notes
Turn   | Place    | Note
--------------------------------------------------------------
     0 | D:1      | Gronka, the Human Fighter, began the quest for the Orb.
     0 | D:1      | Reached XP level 1. HP: 18/18 MP: 1/1
   146 | D:1      | Reached XP level 2. HP: 21/24 MP: 2/2
   594 | D:1      | Reached XP level 3. HP: 29/29 MP: 3/3
  1271 | D:2      | Reached XP level 4. HP: 35/35 MP: 4/4
  1871 | D:3      | Reached XP level 5. HP: 24/41 MP: 5/5
  2166 | D:3      | Reached skill level 4 in Armour
  2199 | D:3      | Found a sacrificial altar of Ru.
  2299 | D:3      | Reached skill level 1 in Dodging
  2585 | D:3      | Reached XP level 6. HP: 24/48 MP: 6/6
  2960 | D:4      | Noticed Robin
  3003 | D:4      | Noticed ZiggyStardust's ghost (experienced TeAE)
  3005 | D:4      | Killed from afar by an orc priest

Action                   |  1- 3 |  4- 6 || total
-------------------------+-------+-------++-------
Melee: War axe           |   139 |   225 ||   364
  Use: Scroll            |     2 |     2 ||     4
       Potion            |       |     2 ||     2
  Eat: Bread ration      |     1 |     1 ||     2
